 Dungeon Crawl Stone Soup version 0.26.1-2-gb8aa6d0 (webtiles) character file.

Game seed: 672853716836821516

11473 GeorgeSoros the Thaumaturge (level 11, -4/84 HPs)
             Began as a Gnoll Wanderer on Feb 10, 2021.
             Was the Champion of Cheibriados.
             Slain by a seven-headed hydra (8 damage)
             ... on level 11 of the Dungeon.
             The game lasted 00:56:27 (12164 turns).

GeorgeSoros the Thaumaturge (Gnoll Wanderer)       Turns: 12164, Time: 00:56:28

Health: -4/84      AC: 19    Str: 34    XL:     11   Next: 78%
Magic:  22/32      EV: 18    Int: 31    God:    Cheibriados [******]
Gold:   535        SH:  0    Dex: 31    Spells: 12/26 levels left

rFire    + . .     SeeInvis .   b - +2 short sword (drain)
rCold    + . .     Faith    +   (no shield)
rNeg     . . .     Spirit   .   N - +3 scale mail "Laoduw" {rC- Regen+ Str+4}
rPois    .         Reflect  .   (no helmet)
rElec    .         Harm     .   E - +5 cloak of the Arcane {rF+ rC+ Slay+3}
rCorr    .         Rampage  .   x - +0 pair of gloves
Will     .....                  z - +0 pair of boots
Stlth    +++.......             f - amulet of faith
HPRegen  0.64/turn              B - ring of magical power
MPRegen  0.23/turn              k - ring of protection from cold

@: very slow
A: distributed training, fangs 1, strong nose
a: Renounce Religion, Bend Time, Temporal Distortion, Slouch, Step From Time


You were on level 11 of the Dungeon.
You worshipped Cheibriados.
Cheibriados was exalted by your worship.
You visited 2 branches of the dungeon, and saw 12 of its levels.
You also visited: Ossuary.

You collected 997 gold pieces.
You spent 462 gold pieces at shops.

Inventory:

Hand Weapons
 a - a +2 dagger of holy wrath
 b - a +2 short sword of draining (weapon)
 s - a +0 flail
 J - a +6 battleaxe
Missiles
 l - 5 curare-tipped darts
Armour
 x - a +0 pair of gloves (worn)
 z - a +0 pair of boots (worn)
 E - the +5 cloak of the Arcane (worn) {rF+ rC+ Slay+3}
   (You bought it in a shop on level 6 of the Dungeon)

   It affects your accuracy and damage with ranged weapons and melee attacks
   (+3).
   It protects you from fire.
   It protects you from cold.
 N - the +3 scale mail "Laoduw" (worn) {rC- Regen+ Str+4}
   (You bought it in a shop on level 6 of the Dungeon)

   It affects your strength (+4).
   It makes you vulnerable to cold.
   It increases your rate of regeneration.
Jewellery
 e - an uncursed ring of positive energy
 f - an amulet of faith (around neck)
 k - a ring of protection from cold (right hand)
 o - an uncursed ring of willpower
 w - an uncursed ring of positive energy
 y - an uncursed amulet of regeneration
 B - a ring of magical power (left hand)
 G - a +4 ring of evasion
Wands
 A - a wand of digging (3)
 F - a wand of polymorph (14)
 L - a wand of paralysis (8)
 M - a wand of disintegration (15)
Scrolls
 c - 6 scrolls of identify
 d - 4 scrolls of remove curse
 g - 5 scrolls of amnesia
 j - 3 scrolls of teleportation
 m - 4 scrolls of fear
 n - a scroll of blinking
 t - 3 scrolls of magic mapping
 v - 3 scrolls of enchant armour
Potions
 i - 2 potions of flight
 p - a potion of might
 q - 11 potions of curing
 r - a potion of attraction
 u - 3 potions of brilliance
 C - 3 potions of magic
 D - 2 potions of invisibility
 H - 3 potions of cancellation
 I - a potion of resistance
 K - a potion of ambrosia


   Skills:
 + Level 7.1 Fighting
 + Level 6.6 Short Blades
 + Level 6.6 Long Blades
 + Level 6.6 Axes
 + Level 6.6 Maces & Flails
 + Level 6.6 Polearms
 + Level 6.6 Staves
 + Level 6.6 Slings
 + Level 6.6 Bows
 + Level 7.1 Crossbows
 + Level 6.6 Throwing
 + Level 7.1 Armour
 + Level 6.6 Dodging
 + Level 7.1 Stealth
 + Level 6.6 Shields
 + Level 6.6 Unarmed Combat
 + Level 8.4 Spellcasting
 + Level 5.5 Conjurations
 + Level 5.5 Hexes
 + Level 5.9 Summonings
 + Level 5.5 Necromancy
 + Level 5.5 Translocations
 + Level 5.5 Transmutations
 + Level 5.5 Fire Magic
 + Level 5.5 Ice Magic
 + Level 5.5 Air Magic
 + Level 5.5 Earth Magic
 + Level 6.7 Poison Magic
 + Level 7.2 Invocations
 + Level 7.1 Evocations


You had 12 spell levels left.
You knew the following spells:

 Your Spells              Type           Power        Failure   Level
a - Sting                 Tmut/Pois      100%         1%          1
b - Poisonous Vapours     Pois/Air       100%         1%          2
c - Mephitic Cloud        Conj/Pois/Air  49%          1%          3
d - Ignite Poison         Fire/Tmut/Pois 49%          1%          3
e - Summon Small Mammal   Summ           100%         1%          1
f - Olgreb's Toxic Radia  Pois           53%          4%          4

Your spell library contained the following spells:

 Spells                   Type           Power        Failure   Level
 Summon Guardian Golem    Hex/Summ       48%          1%          3


Dungeon Overview and Level Annotations

Branches:
Dungeon (11/15)            Temple (1/1) D:5            Lair (0/6) D:11
    Orc (0/2) D:10        Ossuary (visited)

Altars:
Ashenzari
Cheibriados
Dithmenos
Elyvilon
Fedhas
Gozag
Hepliaklqana
Kikubaaqudgha
Makhleb
Nemelex Xobeh
Okawaru
Qazlal
Ru
Sif Muna
Trog
Uskayaw
Vehumet
Wu Jian
Xom
Yredelemnul
Zin
The Shining One

Shops:
D:6 ([:}[   D:7 (

Annotations:
D:9 exclusion: downstairs


Innate Abilities, Weirdness & Mutations

Your experience applies equally to all skills.
You have very sharp teeth.
Your uncanny sense of smell can sniff out nearby items.


Message History

* * * LOW HITPOINT WARNING * * *
The seven-headed hydra misses you.
The seven-headed hydra bites you but does no damage.
The seven-headed hydra bites you.
* * * LOW HITPOINT WARNING * * *
The seven-headed hydra bites you but does no damage. x2
The seven-headed hydra bites you!
* * * LOW HITPOINT WARNING * * *
You feel much better.
The centaur warrior zombie is engulfed in blazing flames.
The seven-headed hydra is engulfed in blazing flames.
The seven-headed hydra barely misses you.
The seven-headed hydra completely misses you. x2
The seven-headed hydra closely misses you.
The seven-headed hydra bites you.
* * * LOW HITPOINT WARNING * * *
The seven-headed hydra bites you!
* * * LOW HITPOINT WARNING * * *
The seven-headed hydra bites you!
You die...

##.# ##..# #########
##.#.##
#.......###.##..######
#.......##.##.........
#.......###.#.(.######
#................#
#.......#####...##
#...†...# ##@##
#.......# #D#
####.#### #c# #.# #>Z#
#.# #... #.# [....
##.## .....>.
#####..^####.........
...........+.........+


You could see a seven-headed hydra (drained), a centaur (confused) and a centaur
warrior zombie.

Vanquished Creatures
  2 two-headed ogres (D:9)
  An ugly thing (D:11)
  3 slime creatures (D:9)
  A gargoyle (D:10)
  4 trolls
  12 yaks
  Sigmund (D:5)
  A water moccasin (D:10)
  5 orc warriors
  2 sky beasts
  4 ice beasts
  A black bear (D:8)
  2 phantoms
  4 ogres
  4 centaurs
  3 bullfrogs
  A gnoll sergeant (D:6)
  4 scorpions
  11 killer bees
  4 howler monkeys
  12 wights
  6 electric eels
  2 quasits
  A bullfrog zombie (D:5)
  A centaur zombie (D:5)
  3 jellies
  3 bullfrog skeletons
  7 orc priests
  3 centaur skeletons
  2 hounds (D:9)
  13 orc wizards
  2 iguanas
  5 worker ants
  A killer bee zombie (D:10)
  A big kobold zombie (Ossuary)
  8 mummies (Ossuary)
  A howler monkey zombie (D:9)
  8 gnolls
  2 howler monkey skeletons
  10 adders
  4 white imps
  2 ufetubi
  An ooze (D:2)
  An adder skeleton (D:6)
  2 dart slugs (D:1)
  5 leopard geckos
  57 orcs
  3 giant cockroaches
  A gnoll zombie (Ossuary)
  14 hobgoblins
  5 jackals
  3 kobolds
  3 quokkas
  3 ball pythons
  6 bats
  5 frilled lizards
  8 goblins
  A hobgoblin zombie (Ossuary)
  2 kobold zombies (Ossuary)
  3 orc zombies (Ossuary)
  A quokka skeleton (D:9)
  8 rats
299 creatures vanquished.

Vanquished Creatures (collateral kills)
  A jelly (D:7)
1 creature vanquished.

Grand Total: 300 creatures vanquished

Notes
Turn   | Place    | Note
-------+----------+-------------------------------------------
     0 | D:1      | GeorgeSoros the Gnoll Wanderer began the quest for the Orb.
     0 | D:1      | GeorgeSoros set off with the following items: a +0 mace, a
                  | +0 robe; and the following spells available to memorise:
                  | Sting, Summon Small Mammal, Poisonous Vapours, Ignite
                  | Poison, Mephitic Cloud, Summon Guardian Golem, Olgreb's
                  | Toxic Radiance
     0 | D:1      | Reached XP level 1. HP: 17/17 MP: 6/6
    18 | D:1      | Learned a level 1 spell: Sting
   331 | D:1      | Reached XP level 2. HP: 11/23 MP: 5/7
   533 | D:1      | You fall into a shaft and drop 1 floor!
  1012 | D:1      | Reached XP level 3. HP: 27/28 MP: 9/9
  1046 | D:1      | Reached skill level 5 in Spellcasting
  1443 | D:2      | Learned a level 2 spell: Poisonous Vapours
  1444 | D:2      | Reached skill level 1 in Invocations
  1962 | D:2      | Reached skill level 1 in Short Blades
  1962 | D:2      | Reached skill level 1 in Long Blades
  1962 | D:2      | Reached skill level 1 in Axes
  1962 | D:2      | Reached skill level 1 in Maces & Flails
  1962 | D:2      | Reached skill level 1 in Polearms
  1962 | D:2      | Reached skill level 1 in Staves
  1962 | D:2      | Reached skill level 1 in Slings
  1962 | D:2      | Reached skill level 1 in Bows
  1962 | D:2      | Reached skill level 1 in Throwing
  1962 | D:2      | Reached skill level 1 in Dodging
  1962 | D:2      | Reached skill level 1 in Shields
  1962 | D:2      | Reached skill level 1 in Unarmed Combat
  2255 | D:3      | Reached XP level 4. HP: 34/34 MP: 4/11
  2920 | D:3      | Reached skill level 1 in Conjurations
  2920 | D:3      | Reached skill level 1 in Hexes
  2920 | D:3      | Reached skill level 1 in Necromancy
  2920 | D:3      | Reached skill level 1 in Translocations
  2920 | D:3      | Reached skill level 1 in Transmutations
  2920 | D:3      | Reached skill level 1 in Fire Magic
  2920 | D:3      | Reached skill level 1 in Ice Magic
  2920 | D:3      | Reached skill level 1 in Air Magic
  2920 | D:3      | Reached skill level 1 in Earth Magic
  2923 | D:3      | Reached XP level 5. HP: 40/40 MP: 1/12
  4281 | D:4      | Reached XP level 6. HP: 47/47 MP: 6/13
  5092 | D:5      | Entered Level 5 of the Dungeon
  5098 | D:5      | Noticed Sigmund
  5101 | D:5      | Noticed an ice beast
  5111 | D:5      | Killed Sigmund
  5112 | D:5      | Reached XP level 7. HP: 52/52 MP: 2/15
  5117 | D:5      | Found a staircase to the Ecumenical Temple.
  5174 | Temple   | Entered the Ecumenical Temple
  5265 | Temple   | Became a worshipper of Cheibriados the Contemplative
  5612 | D:5      | Reached XP level 8. HP: 58/60 MP: 7/16
  5697 | D:5      | Reached * piety under Cheibriados
  5988 | D:5      | Reached skill level 6 in Spellcasting
  6370 | D:6      | Found Cynun's Armour Shoppe.
  6404 | D:6      | Found Qihas's Antique Armour Emporium.
  6414 | D:6      | Bought a distressingly furry cloak for 237 gold pieces
  6424 | D:6      | Identified the +5 cloak of the Arcane {rF+ rC+ Slay+3} (You
                  | bought it in a shop on level 6 of the Dungeon)
  6475 | D:6      | Learned a level 3 spell: Mephitic Cloud
  6483 | D:6      | Learned a level 3 spell: Ignite Poison
  6501 | D:6      | Found Tuawed Qelei's Weapon Shop.
  6662 | D:6      | Found Ankitoym's Book Shoppe.
  6898 | D:6      | Learned a level 1 spell: Summon Small Mammal
  6982 | D:6      | Found Utrawov's Gadget Boutique.
  7053 | D:7      | Found a basalt altar of Yredelemnul.
  7208 | D:6      | Reached ** piety under Cheibriados
  7282 | D:7      | Reached skill level 5 in Poison Magic
  7282 | D:7      | Reached XP level 9. HP: 66/66 MP: 18/18
  7331 | D:7      | Found a blossoming altar of Fedhas.
  7574 | D:7      | Found Loloil's Antique Weapon Shop.
  8030 | D:8      | Found a sand-covered staircase.
  8101 | Ossuary  | Entered an ossuary
  8981 | D:8      | Reached skill level 5 in Fighting
  8981 | D:8      | Reached skill level 5 in Crossbows
  8981 | D:8      | Reached skill level 5 in Armour
  8981 | D:8      | Reached skill level 5 in Evocations
  9041 | D:8      | Got a steaming leather armour
  9052 | D:8      | Identified the +2 leather armour "Etubaiqe" {rPois Will++
                  | Int+2 Dex-5} (You found it on level 8 of the Dungeon)
  9172 | D:8      | Reached skill level 5 in Stealth
  9174 | D:8      | Reached *** piety under Cheibriados
  9344 | D:6      | Bought a black opal-encrusted scale mail for 225 gold
                  | pieces
  9354 | D:6      | Identified the +3 scale mail "Laoduw" {rC- Regen+ Str+4}
                  | (You bought it in a shop on level 6 of the Dungeon)
  9556 | D:9      | Reached skill level 5 in Invocations
  9669 | D:9      | Noticed a two-headed ogre
  9684 | D:9      | Killed a two-headed ogre
  9685 | D:9      | Reached skill level 5 in Short Blades
  9685 | D:9      | Reached skill level 5 in Long Blades
  9685 | D:9      | Reached skill level 5 in Axes
  9685 | D:9      | Reached skill level 5 in Maces & Flails
  9685 | D:9      | Reached skill level 5 in Polearms
  9685 | D:9      | Reached skill level 5 in Staves
  9685 | D:9      | Reached skill level 5 in Slings
  9685 | D:9      | Reached skill level 5 in Bows
  9685 | D:9      | Reached skill level 5 in Throwing
  9685 | D:9      | Reached skill level 5 in Dodging
  9685 | D:9      | Reached skill level 5 in Shields
  9685 | D:9      | Reached skill level 5 in Unarmed Combat
  9685 | D:9      | Reached skill level 7 in Spellcasting
  9685 | D:9      | Reached XP level 10. HP: 52/76 MP: 18/20
  9693 | D:9      | Reached **** piety under Cheibriados
  9803 | D:9      | Noticed a two-headed ogre
  9810 | D:9      | Killed a two-headed ogre
  9811 | D:9      | Reached skill level 5 in Summonings
 10431 | D:10     | Entered Level 10 of the Dungeon
 10471 | D:9      | Reached ***** piety under Cheibriados
 10581 | D:10     | Reached XP level 11. HP: 76/81 MP: 20/22
 10650 | D:10     | Reached skill level 5 in Conjurations
 10650 | D:10     | Reached skill level 5 in Hexes
 10650 | D:10     | Reached skill level 5 in Necromancy
 10650 | D:10     | Reached skill level 5 in Translocations
 10650 | D:10     | Reached skill level 5 in Transmutations
 10650 | D:10     | Reached skill level 5 in Fire Magic
 10650 | D:10     | Reached skill level 5 in Ice Magic
 10650 | D:10     | Reached skill level 5 in Air Magic
 10650 | D:10     | Reached skill level 5 in Earth Magic
 10652 | D:10     | Reached skill level 8 in Spellcasting
 10663 | D:10     | Learned a level 4 spell: Olgreb's Toxic Radiance
 11395 | D:10     | Reached ****** piety under Cheibriados
 11687 | D:10     | Found a staircase to the Orcish Mines.
 12066 | D:11     | Noticed a purple ugly thing
 12075 | D:11     | Killed a purple ugly thing
 12148 | D:11     | Found a staircase to the Lair.
 12153 | D:11     | Noticed a seven-headed hydra
 12163 | D:11     | HP: 1/84 [seven-headed hydra (10)]
 12164 | D:11     | Slain by a seven-headed hydra

Illustrated notes

Levels and vault maps discovered:
D:1:      heliophobic_arrival_henge, layout_rooms, kennysheep_nondescript
D:2:      layout_loops_ring, serial_rivers, chequers_serial_rivers_marsh,
          chequers_serial_rivers_room_a, chequers_serial_rivers_micro_d,
          chequers_serial_rivers_micro_e
D:3:      layout_loops_corners, due_unseen_surprise
D:4:      layout_loops_corners
D:5:      layout_rooms, minmay_temple_entry_drinking_statues, uniq_sigmund
D:6:      layout_cave_pools, serial_shops, kennysheep_mini_moat,
          nicolae_shop_competitors_out_of_business, shop, kennysheep_little_box,
          nicolae_shop_trees
D:7:      layout_cave_pools, yredelemnul_altar_generic, serial_shops, shop,
          chequers_serial_rivers_room_a, fountainhead,
          chequers_serial_rivers_room_a, fedhas_altar_fruit_tree
D:8:      layout_basic, enter_ossuary_5
D:9:      layout_small_grid, onia_ninara_dug_in_and_dangerous
D:10:     layout_basic, hiddenorc2_lemuel
D:11:     layout_loops_corners, lair_entry_dummy, lemuel_flamethrower_2,
          uniq_grum, uniq_psyche
Temple:   nicolae_temple_the_god_donut

Skill      XL: |  1  2  3  4  5  6  7  8  9 10 11 |
---------------+----------------------------------+-----
Summonings     | 2 3 4 5 |  5.9
Spellcasting   | 5 6 7 8 |  8.4
Invocations    | 1 2 3 4 5 6 7 |  7.2
Short Blades   | 1 2 3 5 6 |  6.6
Long Blades    | 1 2 3 5 6 |  6.6
Axes           | 1 2 3 5 6 |  6.6
Maces & Flails | 1 2 3 5 6 |  6.6
Polearms       | 1 2 3 5 6 |  6.6
Staves         | 1 2 3 5 6 |  6.6
Slings         | 1 2 3 5 6 |  6.6
Bows           | 1 2 3 5 6 |  6.6
Throwing       | 1 2 3 5 6 |  6.6
Dodging        | 1 2 3 5 6 |  6.6
Shields        | 1 2 3 5 6 |  6.6
Unarmed Combat | 1 2 3 5 6 |  6.6
Conjurations   | 1 2 3 4 5 |  5.5
Hexes          | 1 2 3 4 5 |  5.5
Necromancy     | 1 2 3 4 5 |  5.5
Translocations | 1 2 3 4 5 |  5.5
Transmutations | 1 2 3 4 5 |  5.5
Fire Magic     | 1 2 3 4 5 |  5.5
Ice Magic      | 1 2 3 4 5 |  5.5
Air Magic      | 1 2 3 4 5 |  5.5
Earth Magic    | 1 2 3 4 5 |  5.5
Fighting       | 3 4 5 6 7 |  7.1
Crossbows      | 3 4 5 6 7 |  7.1
Armour         | 3 4 5 6 7 |  7.1
Poison Magic   | 4 5 6 |  6.7
Evocations     | 3 4 5 6 7 |  7.1
Stealth        | 3 4 5 6 7 |  7.1

Action                   |  1- 3 |  4- 6 |  7- 9 | 10-12 || total
-------------------------+-------+-------+-------+-------++-------
Melee: Mace              |    71 |    44 |       |       ||   115
       Bite              |     7 |     8 |    38 |    32 ||    85
       Short sword       |       |    58 |    90 |     3 ||   151
       Dagger            |       |       |   102 |       ||   102
       Punch             |       |       |     3 |       ||     3
       Battleaxe         |       |       |    29 |   175 ||   204
 Cast: Sting             |    43 |     3 |       |       ||    46
       Poisonous Vapours |     2 |    49 |    74 |    63 ||   188
       Summon Small Mamm |       |       |     3 |       ||     3
       Ignite Poison     |       |       |     2 |    16 ||    18
       Mephitic Cloud    |       |       |     8 |     8 ||    16
       Olgreb's Toxic Ra |       |       |       |     4 ||     4
  Use: Scroll            |     9 |     6 |     9 |     1 ||    25
       Potion            |       |       |       |     1 ||     1
 Stab: Distracted        |     1 |       |       |     4 ||     5
       Sleeping          |       |     3 |     4 |     5 ||    12
       Confused          |       |       |     5 |       ||     5
Armor: Robe              |    20 |     1 |       |       ||    21
       Leather armour    |       |    31 |    31 |       ||    62
       Scale mail        |       |       |    28 |   106 ||   134
Dodge: Dodged            |    54 |    62 |   135 |   232 ||   483
